AoeStats
← Nemsis

Black Forest

508623276Analyzed
2v2 RM · 9d ago on Sep 23, 2026· 66m 2s· 4 players
Game mode
Random Map
Map size
Medium (4 player)
Population
200
Speed
Normal
Resources
Standard
Victory
Conquest
Starting age
Dark Age
Ending age
Imperial Age
RankedLock teamsTeams togetherTeam positionsShared explorationLock speedFull tech treeHidden civsTurbo modeCheats
Victory
Defeat
🇦🇺 Franks · Australia
1056
+10
🇦🇺 Romans · Australia
946
+15
🇨🇦 Portuguese · Canada
956
-14
🇯🇵 Japanese · Japan
892
-11
Gore1021
0:34 Loom
13:46 Feudal Age
14:12 Double-Bit Axe
21:22 Castle Age
19:27 Horse Collar
21:11 Stone Mining
21:42 Scale Mail Armor
22:08 Pikeman
24:07 Scale Barding Armor
26:44 Bow Saw
28:19 Fletching
30:10 Forging
34:29 Imperial Age
32:45 Gold Mining
33:44 Ballistics
34:41 Bloodlines
34:54 Husbandry
35:27 Bodkin Arrow
36:38 Wheelbarrow
38:14 Chemistry
39:41 Bracer
40:04 Chain Barding Armor
42:54 Elite Organ Gun
44:21 Murder Holes
45:17 Plate Barding Armor
47:29 Siege Engineers
50:08 Hand Cart
50:10 Arquebus
53:00 Chain Mail Armor
52:56 Halberdier
55:46 Plate Mail Armor
55:51 Iron Casting
60:10 Conscription
60:52 Blast Furnace
60:08 Padded Archer Armor
heat7770
0:30 Loom
11:57 Feudal Age
13:31 Wheelbarrow
12:39 Horse Collar
12:48 Double-Bit Axe
13:00 Gold Mining
13:06 Stone Mining
17:06 Scale Mail Armor
18:49 Forging
23:55 Castle Age
25:47 Hand Cart
26:43 Chain Mail Armor
27:22 Arson
27:38 Squires
28:21 Iron Casting
33:19 Imperial Age
32:03 Heavy Plow
32:16 Bow Saw
32:50 Gold Shaft Mining
36:28 Plate Mail Armor
36:59 Blast Furnace
62:33 Pikeman
ManiacK Fiend
11:15 Feudal Age
9:32 Loom
11:43 Double-Bit Axe
11:40 Horse Collar
19:20 Castle Age
21:17 Wheelbarrow
20:55 Bow Saw
20:38 Gold Mining
20:41 Stone Mining
22:01 Man-at-Arms
22:42 Squires
24:10 Long Swordsman
30:09 Hand Cart
35:27 Imperial Age
33:11 Scale Mail Armor
34:23 Chain Mail Armor
34:02 Fletching
34:17 Padded Archer Armor
37:11 Ballistas
37:39 Conscription
38:11 Legionary
39:17 Heavy Scorpion
40:41 Forging
40:29 Bodkin Arrow
57:30 Siege Engineers
Nemsis
0:29 Loom
12:46 Feudal Age
13:45 Double-Bit Axe
15:35 Scale Barding Armor
16:21 Town Watch
23:44 Castle Age
21:55 Stone Mining
27:33 Gold Mining
36:03 Imperial Age
34:49 Wheelbarrow
35:23 Bow Saw
35:59 Forging
36:38 Cavalier
37:41 Chain Barding Armor
40:23 Plate Barding Armor
44:56 Chivalry
47:21 Husbandry
48:01 Iron Casting
49:35 Paladin
55:44 Caravan
57:35 Chemistry
60:14 Scale Mail Armor
61:15 Blast Furnace
Connection lost

Rejoining the realm…

Still unreachable

The connection could not be restored.

Session expired

The server has moved on; the page needs a fresh start.